 Dungeon Crawl Stone Soup version 0.14-a0-1876-g927fc3a (webtiles) character file.

180 Kae the Insei (level 4, -1/35 HPs)
             Began as a Draconian Transmuter on Jan 14, 2014.
             Slain by a gnoll
             ... wielding a +0,+0 flail
              (4 damage)
             ... on Level 3 of the Dungeon.
             The game lasted 00:01:37 (1771 turns).

Kae the Insei (Draconian Transmuter)                Turns: 1771, Time: 00:01:38

HP  -1/35        AC  5     Str 12      XL: 4   Next: 43%
MP   7/7         EV 12     Int 14      God:
Gold 82          SH  0     Dex 12      Spells:  3 memorised,  1 level left

rFire  . . .     SeeInvis .       - Unarmed
rCold  . . .     Clarity  .     (armour unavailable)
rNeg   . . .     Conserve .     (no shield)
rPois  .         rCorr    .     (helmet restricted)
rElec  .         rRot     .     (no cloak)
SustAb . .       Spirit   .     (no gloves)
rMut   .         Warding  .     (no boots)
Saprov . . .     Stasis   .     (no amulet)
MR     .....                    (no ring)
                                (no ring)

@: not resistant to hostile enchantments, unstealthy
A: unfitting armour, AC +5
a: no special abilities


You were on level 3 of the Dungeon.
You were hungry.

You visited 1 branch of the dungeon, and saw 3 of its levels.

You collected 82 gold pieces.

Inventory:

Missiles
 b - 40 arrows
 f - 3 tomahawks (quivered)
Magical devices
 q - a wand of disintegration (11) {unknown}
 r - a wand of paralysis (13) {unknown}
 s - a wand of enslavement (14) {unknown}
Comestibles
 a - 2 bread rations
 i - a meat ration
 m - a pear
Scrolls
 c - 4 scrolls of magic mapping {unknown}
 e - 4 scrolls of remove curse {unknown}
 g - 6 scrolls of identify {unknown}
 h - 2 scrolls of immolation {unknown}
 j - 2 scrolls of fear {unknown}
 k - a scroll of enchant weapon I {unknown}
 n - a scroll of noise {unknown}
Jewellery
 o - an uncursed ring of sustenance {unknown}
Potions
 l - a potion of speed {unknown}
 p - a potion of might {unknown}
Books
 d - a book of Changes

   Spells                             Type                      Level
   *Beastly Appendage                 Transmutation                1
   *Sticks to Snakes                  Transmutation                2
   *Spider Form                       Transmutation/Poison         3
   Ice Form                           Ice/Transmutation            4
   Blade Hands                        Transmutation                5


   Skills:
 - Level 1.1 Fighting
 - Level 1.7 Dodging
 * Level 4.6 Unarmed Combat
 - Level 2.0 Spellcasting
 + Level 3.1 Transmutations


You had one spell level left.
You knew the following spells:

 Your Spells              Type           Power        Failure   Level  Hunger
a - Beastly Appendage     Trmt           ##....       10%         1    ##.....
b - Sticks to Snakes      Trmt           ##........   12%         2    ###....
c - Spider Form           Trmt/Pois      #.........   38%         3    ####...


Dungeon Overview and Level Annotations

Branches:
Dungeon (3/16)

Altars:
Makhleb
Zin


Message History

The gnoll is moderately wounded.
The gnoll barely misses you.
The gnoll hits you from afar with a spear.
You closely miss the gnoll.
The gnoll is moderately wounded.
Your horns disappear.
The gnoll hits you from afar with a spear.
The gnoll hits you with a flail.
You are too injured to fight recklessly!
You are too injured to fight recklessly!
You are too injured to fight recklessly!
You are too injured to fight recklessly!
You are too injured to fight recklessly!
You are too injured to fight recklessly!
You hit the gnoll.
The gnoll is heavily wounded.
The gnoll hits you from afar with a spear!
* * * LOW HITPOINT WARNING * * *
The gnoll hits you with a flail.
You die...

...... .
...#.#
.....
#..#.# #
#..#.#
#..#.#
#..#.##
#.....#
#..#.##
#..#.#
#..#@#
#..#g#.#
#..g...#
#.##.#.#
#.##.#.#
...... #
##.##.#.
#......#
.. ... #


You could see 2 gnolls.

Vanquished Creatures
  A gnoll (D:3)
  3 adders
  2 worms
  4 orcs (D:3)
  A ball python (D:1)
  9 bats
  2 giant cockroaches
  5 goblins
  9 hobgoblins
  2 quokkas (D:2)
  A giant gecko (D:2)
  A giant newt (D:2)
  7 kobolds
  3 rats (D:2)
50 creatures vanquished.

Notes
Turn   | Place    | Note
--------------------------------------------------------------
     0 | D:1      | Kae, the Draconian Transmuter, began the quest for the Orb.
     0 | D:1      | Reached XP level 1. HP: 16/16 MP: 3/3
   481 | D:1      | Reached XP level 2. HP: 20/23 MP: 4/4
   977 | D:2      | Reached XP level 3. HP: 26/28 MP: 4/6
  1012 | D:2      | Learned a level 2 spell: Sticks to Snakes
  1016 | D:2      | Learned a level 3 spell: Spider Form
  1034 | D:2      | Reached skill level 4 in Unarmed Combat
  1326 | D:2      | Found a burning altar of Makhleb.
  1328 | D:2      | Found a glowing silver altar of Zin.
  1328 | D:2      | Noticed a blizzard demon
  1328 | D:2      | Noticed an angel
  1635 | D:3      | Reached XP level 4. HP: 35/35 MP: 5/7
  1771 | D:3      | Slain by a gnoll

Action                   |  1- 3 |  4- 6 || total
-------------------------+-------+-------++-------
Melee: Unarmed           |   162 |    26 ||   188
 Cast: Beastly Appendage |     8 |     2 ||    10
